 Seeded DCSS version 0.30.1-9-gdf580d7c3d (webtiles) character file.

Game seed: 920673320228942481 (custom seed)

138 Psyclone the Conjurer (level 5, 31/31 HPs)
             Began as an Octopode Conjurer on Oct 10, 2023.
             Quit the game on level 4 of the Dungeon.
             The game lasted 00:01:39 (1372 turns).

Psyclone the Conjurer (Octopode Conjurer)           Turns: 1372, Time: 00:01:40

Health: 31/31      AC:  3    Str:  6    XL:     5   Next: 21%
Magic:  8/8        EV: 13    Int: 20    God:
Gold:   3992       SH:  0    Dex: 11    Spells: 5/8 levels left

rFire   . . .        k - staff of fire
rCold   . . .        (no shield)
rNeg    . . .        (helmet restricted)
rPois   .            (no amulet)
rElec   .            c - ring of wizardry
rCorr   .            (no ring)
SInv    .            (no ring)
Will    +....        (no ring)
Stlth   +++          (no ring)
HPRegen 0.25/turn    (no ring)
MPRegen 0.11/turn    (no ring)
                     (no ring)

%: wizardry (x1)
@: no status effects
A: almost no armour, amphibious, 8 rings, camouflage 1, gelatinous body 1,
(nimble swimmer 1), tentacles, iridescent scales 1, dopey 1, strong-willed 1,
evolution 1, heat vulnerability 1
a: no special abilities


You were on level 4 of the Dungeon.
You visited 1 branch of the dungeon, and saw 4 of its levels.

You collected 4033 gold pieces.
You spent 41 gold pieces at shops.

Inventory:

Magical Staves
 k - a staff of fire (weapon)
Jewellery
 c - a ring of wizardry (left tentacle)
 l - an amulet of the acrobat
Scrolls
 e - a scroll of amnesia {unknown}
 h - a scroll of identify {unknown}
Potions
 a - a potion of magic
 b - a potion of mutation
 d - a potion of lignification {unknown}
 f - a potion of degeneration {unknown}
 i - a potion of invisibility {unknown}
 j - a potion of heal wounds {unknown}


   Skills:
 - Level 2.0 Dodging
 - Level 2.6 Stealth
 + Level 2.3 Spellcasting
 - Level 6.1 Conjurations


You had 5 spell levels left.
You knew the following spells:

 Your Spells              Type           Power      Damage    Failure   Level
a - Magic Dart            Conj           100%       1d8       1%          1
b - Searing Ray           Conj           54%        2d6       1%          2

Your spell library contained the following spells:

 Spells                   Type           Power      Damage    Failure   Level
 Foxfire                  Conj/Fire      88%        2x1d8     1%          1
 Dazzling Flash           Conj/Hex       28%        N/A       5%          3
 Fulminant Prism          Conj/Hex       7%         3d7       16%         4
 Iskenderun's Mystic Bla  Conj/Tloc      14%        2d5       16%         4
 Fireball                 Conj/Fire      11%        3d7       41%         5
 Starburst                Conj/Fire      11%        6d5       92%         6
 Plasma Beam              Fire/Air       1%         2x1d12    100%        6


Dungeon Overview and Level Annotations

Branches:
Dungeon (4/15) Zot: 22627
 Temple: D:4-7

Altars:

Shops:
D:3 *:


Innate Abilities, Weirdness & Mutations

You cannot wear most types of armour.
You are amphibious.
You can wear up to eight rings at the same time.
Your skin changes colour to match your surroundings (Stealth+).
Your rubbery body absorbs attacks. (AC +1, EV +1)
((You are camouflaged when in or above water. (Stealth+)))
You have tentacles for arms and can constrict up to eight enemies at once.
You are partially covered in iridescent scales. (AC +2)
You are dopey. (Int -2)
You are strong-willed. (Will+)
You have hidden genetic potential.
You are vulnerable to heat. (rF-)


Message History

[Y]es or [N]o only, please.
Really quaff the potion of mutation? [Y]es or [N]o only, please.
Really quaff the potion of mutation? [Y]es or [N]o only, please.
Really quaff the potion of mutation? [Y]es or [N]o only, please.
Really quaff the potion of mutation? [Y]es or [N]o only, please.
Really quaff the potion of mutation? [Y]es or [N]o only, please.
Really quaff the potion of mutation? [Y]es or [N]o only, please.
Really quaff the potion of mutation? [Y]es or [N]o only, please.
Really quaff the potion of mutation? [Y]es or [N]o only, please.
Really quaff the potion of mutation? [Y]es or [N]o only, please.
Really quaff the potion of mutation? [Y]es or [N]o only, please.
Really quaff the potion of mutation? [Y]es or [N]o only, please.
Really quaff the potion of mutation? [Y]es or [N]o only, please.
Really quaff the potion of mutation? [Y]es or [N]o only, please.
Really quaff the potion of mutation? [Y]es or [N]o only, please.
Really quaff the potion of mutation? [Y]es or [N]o only, please.
Really quaff the potion of mutation? [Y]es or [N]o only, please.
Really quaff the potion of mutation?
You feel extremely strange.
Your tentacle spike disappears.
You feel stable.
You feel vulnerable to heat.
You feel strong-willed.
Unknown command.
Unknown command.
Are you sure you want to abandon this character and quit the game? (Confirm with "yes".)

##...## .# ###.....####
#######.#
.#.......#.####...##..#
.....$..†..!#.##)##..#
............†........#
............#.##.....#
.#.......#.#####..(#.#
###.....######.)÷..#.#
##...## ##..)@#.#.# #
#.....# ##..####.#.# #
##...####..## #.#..
#####.####...# #.###
..##... #....#####.####
##.##$###..>..........#
#.##.#.#..##.####.##.#
#.#....)...#.# #.# #
#.#.##.##.##.# #.#


There were no monsters in sight!

Vanquished Creatures
  Blork the orc (D:4)
  A hound (D:4)
  An adder (D:4)
  A worm (D:3)
  2 dart slugs
  3 orcs (D:4)
  2 endoplasms
  A quokka (D:4)
  6 ball pythons
  A bat (D:3)
  2 kobolds (D:3)
  3 rats
24 creatures vanquished.

Notes
Turn   | Place    | Note
-------+----------+-------------------------------------------
     0 | D:1      | Psyclone the Octopode Conjurer began the quest for the Orb.
     0 | D:1      | Reached XP level 1. HP: 11/11 MP: 3/3
   285 | D:1      | Identified 3 scrolls of acquirement
   285 | D:1      | Acquired 1312 gold pieces
   293 | D:1      | Acquired 1281 gold pieces
   308 | D:1      | Acquired 1321 gold pieces
   336 | D:2      | Reached XP level 2. HP: 17/17 MP: 0/5
   537 | D:3      | Learned a level 2 spell: Searing Ray
   698 | D:3      | Found Xyxiz's Assorted Antiques.
   709 | D:3      | Bought 2 fizzy ruby potions for 41 gold pieces
   766 | D:3      | Found Rylak's Book Boutique.
   817 | D:3      | Gained mutation: You are dopey. (Int -2) [potion of
                  | mutation]
   817 | D:3      | Gained mutation: You are occasionally teleported next to
                  | monsters. [potion of mutation]
   817 | D:3      | Gained mutation: One of your tentacles bears a spike.
                  | [potion of mutation]
   817 | D:3      | Gained mutation: You have hidden genetic potential. [potion
                  | of mutation]
   885 | D:4      | Reached skill level 5 in Conjurations
   885 | D:4      | Reached XP level 3. HP: 15/21 MP: 0/6
   902 | D:4      | Gained mutation: You have great hidden genetic potential.
                  | [hidden potential]
   974 | D:4      | Noticed Blork the orc
   987 | D:4      | Killed Blork the orc
   988 | D:4      | Reached skill level 6 in Conjurations
   988 | D:4      | Reached XP level 4. HP: 17/27 MP: 1/7
   988 | D:4      | Reached XP level 5. HP: 20/31 MP: 1/8
   993 | D:4      | Gained mutation: You are partially covered in iridescent
                  | scales. (AC +2) [hidden potential]
   993 | D:4      | Lost mutation: You have great hidden genetic potential.
                  | [hidden potential expressed]
  1371 | D:4      | Lost mutation: One of your tentacles bears a spike. [potion
                  | of mutation]
  1371 | D:4      | Lost mutation: You are occasionally teleported next to
                  | monsters. [potion of mutation]
  1371 | D:4      | Gained mutation: You are vulnerable to heat. (rF-) [potion
                  | of mutation]
  1371 | D:4      | Gained mutation: You are strong-willed. (Will+) [potion of
                  | mutation]
  1372 | D:4      | Quit the game

Illustrated notes

Levels and vault maps discovered:
D:1:      dpeg_arrival_orchard, layout_basic
D:2:      layout_loops_corners, uniq_natasha, uniq_crazy_yiuf_cottage
D:3:      layout_basic, serial_shops, nicolae_shop_stone, shop
D:4:      layout_basic, nicolae_figureground_sparkle, uniq_sigmund, uniq_robin,
          uniq_blork_the_orc

Skill      XL: |  1  2  3 |
---------------+----------+-----
Conjurations   | 5 6 |  6.1
Dodging        | |  2.0
Stealth        | |  2.6
Spellcasting   | |  2.3

Action                     |  1- 3 |  4- 6 || total
---------------------------+-------+-------++-------
  Melee: Unarmed           |     2 |       ||     2
         Tentacles         |     2 |     2 ||     4
         Staff             |     4 |     8 ||    12
         Constrict         |     1 |     4 ||     5
         Kick              |       |     3 ||     3
   Cast: Magic Dart        |    23 |     7 ||    30
         Searing Ray       |     3 |     1 ||     4
    Use: Scroll            |     3 |     1 ||     4
         Potion            |     1 |     1 ||     2
 Armour: Skin              |       |    10 ||    10
  Dodge: Dodged            |     5 |    27 ||    32
